 Dungeon Crawl Stone Soup version 0.24.0-10-g970556be89 (webtiles) character file.

Game seed: 15082111721165865723, levelgen mode: deterministic

37 Acheron the Vandal (level 3, 0/24 HPs)
             Began as an Octopode Hunter on Nov 3, 2019.
             Killed from afar by Sigmund (9 damage)
             ... with a puff of flame
             ... on level 2 of the Dungeon.
             The game lasted 00:04:56 (764 turns).

Acheron the Vandal (Octopode Hunter)                 Turns: 764, Time: 00:04:57

Health: 0/24       AC:  1    Str:  8 (11) XL:     3   Next: 39%
Magic:  3/3        EV: 13    Int: 12 (13) God:
Gold:   51         SH:  0    Dex: 10 (13) Spells: 2/2 levels left

rFire    . . .     SeeInvis .   a - +1 hunting sling
rCold    . . .     Gourm    .   (no shield)
rNeg     . . .     Faith    .   (helmet restricted)
rPois    .         Spirit   .   (no amulet)
rElec    .         Reflect  .   (no ring)
rCorr    .         Harm     .   (no ring)
MR       .....                  (no ring)
Stlth    +++.......             (no ring)
HPRegen  0.08/turn              (no ring)
MPRegen  0.08/turn              (no ring)
                                (no ring)
                                (no ring)

@: no status effects
A: almost no armour, stealthy swim, amphibious, 8 rings, constrict 8, camouflage
1, gelatinous body 1
a: no special abilities


You were on level 2 of the Dungeon.
You were not hungry.

You visited 1 branch of the dungeon, and saw 2 of its levels.

You collected 51 gold pieces.

Inventory:

Hand Weapons
 a - a +1 hunting sling (weapon)
 b - a +0 short sword
Missiles
 c - 12 sling bullets (quivered)
 e - 36 stones
Jewellery
 j - an uncursed ring of see invisible {unknown}
 l - an uncursed amulet of rage {unknown}
Comestibles
 d - a ration


   Skills:
 * Level 2.2 Fighting
 * Level 0.6 Short Blades
 + Level 4.5 Slings
 * Level 2.3 Dodging
 * Level 1.9 Stealth


You had 2 spell levels left.
You didn't know any spells.
Your spell library was empty.

Dungeon Overview and Level Annotations

Branches:
Dungeon (2/15)

Altars:

Annotations:
D:2 Sigmund


Innate Abilities, Weirdness & Mutations

You cannot wear most types of armour.
You are very stealthy in the water. (Stealth+)
You are amphibious.
You can wear up to eight rings at the same time.
You can use your tentacles to constrict eight enemies at once.
Your skin changes colour to match your surroundings (Stealth+).
Your rubbery body absorbs attacks. (AC +1, EV +1)


Message History

The kobold misses you.
You're too confused to move!
Sigmund closely misses you. The kobold closely misses you.
Unknown command.
You barely miss the kobold. Sigmund closely misses you.
The kobold barely misses you. The kobold hits you with a +0 club.
Sigmund misses you.
You're too confused to move!
The kobold barely misses you.
Unknown command.
Sigmund breathes a few words.
Sigmund's hands start flickering wildly.
Sigmund barely misses you. The kobold hits you with a +0 club.
You're too confused to move!
Sigmund hits you with a +0 scythe. The kobold hits you with a +0 club.
The kobold throws a stone.
The stone hits you but does no damage.
You see here a stone.
You feel less confused. Sigmund gestures at you while chanting.
The puff of flame hits you!
You die...

####...#.#####.###...#.##
##.##.### #.# #..##.##
#.........#<###.###.#
#.###.###.#.........# #.#
#<# #####.##### #.# #.#
#.# #.###.###.# #.#
#..(.(....# #.#
##.K.@##### #.# ##'@##
#.# ## #)..... #.# #.
#.≈..≈.# #.#####.
#..≈≈..# #.......
#..≈≈..# #######.
#.≈..≈.# #. #......# ##


You could see Sigmund and a kobold.

Vanquished Creatures
  2 dart slugs (D:1)
  A leopard gecko (D:1)
  A giant cockroach (D:1)
  5 goblins (D:1)
  5 hobgoblins (D:1)
  5 kobolds (D:1)
  2 ball pythons (D:1)
  7 bats (D:1)
  A frilled lizard (D:1)
  2 rats (D:1)
31 creatures vanquished.

Notes
Turn   | Place    | Note
-------+----------+-------------------------------------------
     0 | D:1      | Acheron the Octopode Hunter began the quest for the Orb.
     0 | D:1      | Reached XP level 1. HP: 14/14 MP: 1/1
    72 | D:1      | Reached XP level 2. HP: 19/19 MP: 2/2
   260 | D:1      | Reached XP level 3. HP: 24/24 MP: 3/3
   742 | D:2      | Noticed Sigmund
   764 | D:2      | Killed from afar by Sigmund

Levels and vault maps discovered:
D:1:      lightli_molten_gateway, layout_rooms
D:2:      layout_loops_corners, old_standard_altar,
          chequers_temple_overflow_minitemple, kennysheep_generic_room_15,
          uniq_jessica, uniq_sigmund

Action                   || total
-------------------------++-------
Melee: Hunting sling     ||     2
 Fire: Hunting sling     ||    78
  Use: Potion            ||     4
Dodge: Dodged            ||    24
